 Dungeon Crawl Stone Soup version 0.24.0-13-gcf9b3192b9 (webtiles) character file.

Game seed: 10479198806191150571, levelgen mode: deterministic

287 ChaosIsLove the Poker (level 6, -1/42 HPs)
             Began as a Formicid Chaos Knight on Nov 7, 2019.
             Was a Plaything of Xom.
             Slain by an iguana (11 damage)
             ... on level 4 of the Dungeon.
             The game lasted 00:09:34 (2972 turns).

ChaosIsLove the Poker (Formicid Chaos Knight)       Turns: 2972, Time: 00:09:35

Health: -1/42      AC:  5    Str: 18    XL:     6   Next: 56%
Magic:  6/6        EV: 10    Int: 12    God:    Xom [..*...]
Gold:   183        SH:  4    Dex: 10    Spells: 5/5 levels left

rFire    + . .     SeeInvis +   m - +0 spear
rCold    x . .     Gourm    .   l - +1 buckler
rNeg     . . .     Faith    .   b - +2 leather armour
rPois    .         Spirit   .   (helmet unavailable)
rElec    .         Reflect  .   (no cloak)
rCorr    .         Harm     .   (no gloves)
MR       .....                  (no boots)
Stlth    +.........             (no amulet)
HPRegen  0.14/turn              d - ring of fire
MPRegen  0.10/turn              i - ring of flight

@: no status effects
A: permanent stasis, dig shafts and tunnels, four strong arms, antennae 3, frail
1
a: Dig, Shaft Self, Renounce Religion, Evoke Flight


You were on level 4 of the Dungeon.
You worshipped Xom.
You were a toy of Xom.
You were not hungry.

You visited 1 branch of the dungeon, and saw 4 of its levels.

You collected 183 gold pieces.

Inventory:

Hand Weapons
 a - a +0 spear of chaos
 m - a +0 spear (weapon)
Missiles
 f - 20 poisoned darts (quivered)
Armour
 b - a +2 leather armour (worn)
 l - a +1 buckler (worn)
 o - a +0 plate armour
Jewellery
 d - a ring of fire (left hand)
 i - a ring of flight (right hand)
 k - a +4 ring of intelligence {unknown}
Scrolls
 e - a scroll of fear
 n - a scroll of blinking {unknown}
Potions
 g - a potion of curing
 h - a potion of heal wounds {unknown}
Comestibles
 c - a ration
 j - a chunk of flesh


   Skills:
 - Level 3.2 Fighting
 + Level 6.9 Polearms
 - Level 2.1 Armour
 - Level 0.8 Dodging


You had 5 spell levels left.
You didn't know any spells.
Your spell library was empty.

Dungeon Overview and Level Annotations

Branches:
Dungeon (4/15)
 Temple: D:4-7

Altars:
Xom

Annotations:
D:2 Sigmund
D:3 Grinder


Innate Abilities, Weirdness & Mutations

You cannot be hasted, slowed, berserked, paralysed or teleported.
You can dig through walls and to a lower floor.
Your four strong arms can wield two-handed weapons with a shield.
You have a pair of large antennae on your head. (SInv)
You are frail. (-10% HP)


Message History

You are too injured to fight recklessly!
You are too injured to fight recklessly!
You are too injured to fight recklessly!
You hit the iguana but do no damage. The iguana bites you!
* * * LOW HITPOINT WARNING * * *
You hit the iguana.
The iguana is lightly wounded.
You block the iguana's attack.
You barely miss the iguana.
The iguana is lightly wounded.
The iguana closely misses you.
You barely miss the iguana.
The iguana is lightly wounded.
You hit the iguana.
The iguana is moderately wounded.
You block the iguana's attack.
You hit the iguana.
The iguana is moderately wounded.
The iguana bites you!
You die...

..#..........# . ......###..
.....[.....### ..
.....#..#....
......#......####.# #...
#...... ..#####.......##..#
#..###....# ###
#........##..## ##..##.l...#
##............###..........#
#.)...............###.{#...
##..........# #..###.{##...
###....##@# ##..##...###..
###...#l###..###....# #.
####..#.#.....l...### #
##..#..#....#..l.###
#..........##....#
###........##........
###..#...#..........
#####.##..........
#####.........


You could see an iguana.

Vanquished Creatures
  A centaur (D:3)
  A bullfrog skeleton (D:4)
  Terence (D:3)
  An iguana (D:3)
  A worker ant (D:4)
  5 adders
  A worm (D:3)
  5 dart slugs
  2 leopard geckos
  4 orcs
  2 giant cockroaches
  7 goblins
  4 hobgoblins
  2 quokkas
  7 bats
  4 frilled lizards
  2 kobolds
  4 rats
54 creatures vanquished.

Vanquished Creatures (others)
  5 toadstools (D:1)
5 creatures vanquished.

Grand Total: 59 creatures vanquished

Notes
Turn   | Place    | Note
-------+----------+-------------------------------------------
     0 | D:1      | ChaosIsLove the Formicid Chaos Knight began the quest for
                  | the Orb.
     0 | D:1      | Reached XP level 1. HP: 18/18 MP: 1/1
   268 | D:1      | Reached XP level 2. HP: 24/24 MP: 2/2
   282 | D:1      | You fall into a shaft and drop 1 floor!
   357 | D:2      | XOM: divination: detect creatures
   418 | D:2      | Reached skill level 4 in Polearms
   418 | D:2      | Reached XP level 3. HP: 24/29 MP: 3/3
   467 | D:2      | XOM: harmless Conj miscast
   608 | D:2      | XOM: divination: detect creatures
   615 | D:2      | XOM: harmless Chrm miscast
  1324 | D:1      | XOM: divination: magic mapping
  1602 | D:3      | Noticed Sigmund
  1613 | D:3      | XOM: blink monster(s)
  1648 | D:2      | XOM: scenery: create altars
  1664 | D:2      | XOM: divination: detect items
  1691 | D:3      | XOM: enchant monster (good)
  1734 | D:2      | XOM: mild Conj miscast
  1758 | D:2      | XOM: divination: detect creatures
  1929 | D:3      | Noticed Terence
  1944 | D:3      | Reached XP level 4. HP: 27/35 MP: 4/4
  1969 | D:3      | XOM: cast spell 'Shadow Creatures'
  1979 | D:3      | Killed Terence
  1979 | D:3      | Reached skill level 5 in Polearms
  2138 | D:3      | XOM: give mutations
  2138 | D:3      | Gained mutation: Your body sometimes deteriorates upon
                  | taking damage. [Xom's mischief]
  2138 | D:3      | Lost mutation: Your body sometimes deteriorates upon taking
                  | damage. [Xom's mischief]
  2138 | D:3      | Gained mutation: You are frail. (-10% HP) [Xom's mischief]
  2178 | D:3      | Noticed a centaur
  2186 | D:3      | Killed a centaur
  2186 | D:3      | Reached skill level 6 in Polearms
  2186 | D:3      | Reached XP level 5. HP: 21/36 MP: 5/5
  2226 | D:3      | XOM: medium Hex miscast
  2236 | D:3      | Reached XP level 6. HP: 13/42 MP: 6/6
  2261 | D:3      | XOM: god gift: scroll of noise
  2269 | D:3      | XOM: fake destruction
  2293 | D:3      | XOM: harmless Chrm miscast
  2323 | D:3      | XOM: summons 1 hostile shadow creature
  2434 | D:3      | XOM: stat loss: -1 Dex (9/10)
  2566 | D:3      | Noticed Grinder
  2592 | D:3      | XOM: potion effect (agility)
  2639 | D:3      | XOM: god gift: scroll of fear
  2775 | D:3      | XOM: silly message
  2962 | D:4      | XOM: harmless Tmut miscast
  2972 | D:4      | Slain by an iguana

Levels and vault maps discovered:
D:1:      ldierk_walled_garden, layout_loops_corners
D:2:      layout_basic, first_ration
D:3:      layout_rooms, uniq_sigmund, uniq_terence, uniq_grinder
D:4:      layout_cave_pools

Skill      XL: |  1  2  3  4 |
---------------+-------------+-----
Polearms       | 4 6 |  6.9
Fighting       | |  3.2
Armour         | |  2.1
Dodging        | |  0.8

Action                   |  1- 3 |  4- 6 || total
-------------------------+-------+-------++-------
Melee: Spear             |   132 |   203 ||   335
 Abil: Dig               |     4 |     5 ||     9
  Use: Scroll            |       |     8 ||     8
       Potion            |       |     4 ||     4
 Stab: Paralysed         |     2 |       ||     2
  Eat: Chunk             |     2 |     4 ||     6
       Ration            |     1 |       ||     1
Armor: Leather armour    |    42 |    27 ||    69
Dodge: Dodged            |    61 |    59 ||   120
Block: Buckler           |    11 |    12 ||    23
